 Dungeon Crawl Stone Soup version 0.22-a0-388-g09e6169 (webtiles) character file.

7553 rockygargoyle the Spear-Bearer (level 10, -18/82 HPs)
             Began as a Demonspawn Monk on Apr 25, 2018.
             Was a Priest of Ru.
             Demolished by a komodo dragon (24 damage)
             ... on level 2 of the Lair of Beasts on Apr 29, 2018.
             The game lasted 00:30:35 (9338 turns).

rockygargoyle the Spear-Bearer (Demonspawn Monk)    Turns: 9338, Time: 00:30:36

Health: -18/82     AC: 13    Str: 16    XL:     10   Next: 96%
Magic:  10/10      EV: 13    Int: 12    God:    Ru [***...]
Gold:   117        SH:  0    Dex: 16    Spells: 9/9 levels left

rFire    . . .     SeeInvis .   a - +0 spear (protect)
rCold    . . .     Gourm    .   (no shield)
rNeg     . . .     Faith    +   v - +3 leather armour
rPois    .         Spirit   .   g - +1 helmet
rElec    .         Reflect  .   (no cloak)
rCorr    .         Harm     .   (no gloves)
MR       .....                  (no boots)
Stlth    ++........             q - amulet of faith {Faith, !P}
HPRegen  0.23/turn              s - +2 ring of strength
MPRegen  0.12/turn              m - +4 ring of protection

@: no status effects
A: hooves 2, spiny 2, rot immunity, hated by all, magic vulnerability 1
a: Draw Out Power, Renounce Religion


You were on level 2 of the Lair of Beasts.
You worshipped Ru.
Ru was most pleased with you.
You were not hungry.

You visited 3 branches of the dungeon, and saw 11 of its levels.

You collected 447 gold pieces.
You spent 330 gold pieces at shops.

Inventory:

Hand Weapons
 a - a +0 spear of protection (weapon)
 p - a +1 scythe
   (You took it off Sigmund on level 6 of the Dungeon)
Armour
 b - a +0 robe
 g - a +1 helmet (worn)
   (You took it off Robin on level 4 of the Dungeon)
 j - a +0 ring mail
   (You found it on level 2 of the Dungeon)
 v - a +3 leather armour (worn)
   (You found it on level 5 of the Dungeon)
 y - a +2 hat
   (You found it on level 2 of the Lair of Beasts)
Jewellery
 l - an uncursed amulet of harm
   (You found it on level 3 of the Dungeon)
 m - a +4 ring of protection (right hand)
   (You found it on level 4 of the Dungeon)
 o - a +2 ring of intelligence
   (You found it on level 3 of the Dungeon)
 q - an amulet of faith (around neck) {Faith, !P}
   (You found it on level 3 of the Dungeon)
 s - a +2 ring of strength (left hand)
   (You found it on level 3 of the Dungeon)
 t - an uncursed amulet of guardian spirit {Spirit}
   (You bought it in a shop on level 6 of the Dungeon)
 w - an uncursed ring of resist corrosion {unknown}
   (You found it on level 8 of the Dungeon)
 x - an uncursed amulet of the acrobat {unknown}
   (You found it on level 8 of the Dungeon)
Wands
 h - a wand of paralysis (22)
   (You found it on level 5 of the Dungeon)
Scrolls
 e - 7 scrolls of remove curse
 i - 4 scrolls of magic mapping {!r}
 k - 2 scrolls of fear
 u - a scroll of identify {unknown}
Potions
 f - 7 potions of flight
 r - a potion of degeneration {!q}
Miscellaneous
 d - a phial of floods
   (You found it on level 2 of the Lair of Beasts)
Comestibles
 c - 17 rations
 z - 6 chunks of flesh {@w0}


   Skills:
 + Level 8.8 Fighting
 + Level 11.7 Polearms
 - Level 7.0 Armour
 - Level 2.7 Dodging
 - Level 1.8 Stealth


You had 9 spell levels left.
You didn't know any spells.

Dungeon Overview and Level Annotations

Branches:
Dungeon (8/15)             Temple (1/1) D:6            Lair (2/6) D:8
  Swamp: Lair:2-4    Shoals: Lair:2-4     Snake: Lair:2-4    Spider: Lair:2-4

Altars:
Ashenzari
Cheibriados
Dithmenos
Elyvilon
Fedhas
Gozag
Hepliaklqana
Kikubaaqudgha
Makhleb
Nemelex Xobeh
Okawaru
Qazlal
Ru
Sif Muna
Trog
Uskayaw
Vehumet
Wu Jian
Xom
Yredelemnul
Zin
The Shining One

Shops:
D:6 =

Annotations:
D:3 1 runed door
D:6 Anachronus's ghost, novice MiHu
D:7 Dowan; Duvessa


Innate Abilities, Weirdness & Mutations

You have hoof-like feet.
You are mostly covered in sharp spines.
You are immune to rotting.
You are hated by all.
You are slightly vulnerable to magic. (MR-)


Message History

y - a glowing hat You regained 2 hp, and now have 80/82 hp.
You are feeling hungry.
Health restored: 82 You see here a wand of enslavement (11).
c - 16 rations (gained 1)
You eat one of the 16 rations.
That ration really hit the spot!
Found an escape hatch in the floor.
A bullfrog comes into view.
The bullfrog moves out of view.
The bullfrog is too close now for your liking.
A bullfrog is nearby!
You hit the bullfrog. You kick the bullfrog!
The bullfrog is struck by your spines.
You kill the bullfrog!
No target in view!
No target in view!
No target in view!
No target in view!
You see here a bullfrog corpse.
You butcher the bullfrog corpse.
z - 3 chunks of flesh {@w0}
c - 16 rations (gained 1)
You now have 117 gold pieces (gained 19).
Really walk into a travel-excluded area?
c - 17 rations (gained 1)
A rime drake is nearby!
The rime drake hisses angrily.
The rime drake breathes ice at you. The flash freeze hits you!
You are encased in ice.
You take 14 damage, and have 68/82 hp.
Attack whom?
You reach to attack!
You hit the rime drake.
Attack whom?
You reach to attack!
You completely miss the rime drake. You barely miss the rime drake.
The rime drake is struck by your spines.
The rime drake bites you but does no damage.
You hit the rime drake. You kick the rime drake! You hit the rime drake.
The rime drake is struck by your spines.
You kill the rime drake!
No target in view!
No target in view!
The ice encasing you melts away.
You see here a rime drake corpse.
You butcher the rime drake corpse.
z - 6 chunks of flesh {@w0} (gained 3)
There isn't anything here!
Found a stone staircase leading up.
You regained 3 hp, and now have 72/82 hp.
A komodo dragon comes into view.
A komodo dragon is nearby!
Attack whom?
You reach to attack!
The komodo dragon hisses angrily.
You hit the komodo dragon. You hit the komodo dragon.
You kick the komodo dragon, but do no damage.
You closely miss the komodo dragon. Your kick misses the komodo dragon.
The komodo dragon is stunned by your will and fails to attack.
You barely miss the komodo dragon.
You kick the komodo dragon, but do no damage.
The komodo dragon is struck by your spines.
The komodo dragon bites you!!
You take 21 damage, and have 53/82 hp.
MASSIVE DAMAGE!!
You completely miss the komodo dragon. You hit the komodo dragon.
You kick the komodo dragon. The komodo dragon bites you!!
You take 18 damage, and have 35/82 hp.
MASSIVE DAMAGE!!
You hit the komodo dragon.
You hit the komodo dragon but do no damage.
You kick the komodo dragon. The komodo dragon bites you!
* * * LOW HITPOINT WARNING * * *
You take 14 damage, and have 22/82 hp.
Unknown command.
The komodo dragon is struck by your spines.
The komodo dragon bites you!!
* * * LOW HITPOINT WARNING * * *
You take 21 damage, and have 1/82 hp.
MASSIVE DAMAGE!!
The elephant trumpets!
The komodo dragon hisses menacingly.
The komodo dragon bites you.
* * * LOW HITPOINT WARNING * * *
You take 5 damage, and have 4/82 hp.
A spiny frog comes into view.
There is an escape hatch in the floor here.
A komodo dragon comes into view.
The komodo dragon hisses angrily.
As you read the scroll labeled QISOZA MIWISU, it crumbles to dust.
It is a scroll of brand weapon.
Your +0 spear projects an invisible shield of force!
a - a +0 spear of protection (weapon)
The komodo dragon is struck by your spines.
The komodo dragon barely misses you. The komodo dragon bites you!!
You die...

#............ ##......#.#P.
.##.......#.### ...........###
.#####.##..# #.##...# .. ##
#...## # .... ### ###
##...####
#..#@###.#####..#.#..
...........#l.l#.#.#.##.......
........?............Y........
#.#....$...P#####.[..........
#....###.## #....>##.###.
#....# ## #.....#####..
#....## ########.....# ##.
#...P###..#P#.#.....## #.. ..#
#....................# ##.


You could see 2 komodo dragons.

Vanquished Creatures
  A two-headed ogre (D:5)
  Pikel (D:8)
  An elephant (Lair:1)
  Psyche (D:8)
  A spiny frog (Lair:1)
  A rime drake (Lair:2)
  A komodo dragon (D:8)
  The ghost of Muffindrake the Ruffian, an amateur DrCK of Xom (D:5)
  A polar bear (Lair:2)
  Prince Ribbit (D:8)
  2 hornets (D:8)
  3 hippogriffs
  Sigmund (D:6)
  A yak (Lair:1)
  Grum (Lair:1)
  Menkaure (D:6)
  2 water moccasins
  A soldier ant (D:8)
  A porcupine (Lair:1)
  An orc warrior (D:8)
  A sky beast (D:6)
  An ice beast (D:5)
  4 slaves (D:8)
  3 ogres
  2 wolves (D:8)
  A centaur (D:5)
  2 crocodiles
  6 bullfrogs
  A wyvern skeleton (D:6)
  A scorpion (D:8)
  A howler monkey (D:5)
  A crimson imp (D:5)
  A centaur zombie (D:5)
  2 quasits (D:8)
  7 hounds
  4 orc priests
  A bullfrog skeleton (D:8)
  2 orc wizards
  Terence (D:2)
  4 iguanas
  6 worker ants
  A killer bee zombie (D:8)
  A hound zombie (D:8)
  A hound skeleton (D:8)
  Robin (D:4)
  2 gnolls (D:3)
  11 adders
  2 shadow imps
  An ooze (D:2)
  2 adder skeletons
  5 worms
  2 dart slugs (D:2)
  4 leopard geckos
  14 orcs
  7 giant cockroaches
  14 goblins
  12 hobgoblins
  9 jackals
  8 kobolds
  4 quokkas
  5 ball pythons
  5 bats
  5 frilled lizards
  2 gnoll zombies (D:8)
  6 rats
200 creatures vanquished.

Vanquished Creatures (others)
  A hippogriff (D:8)
  10 fungi (Lair:2)
  7 plants
18 creatures vanquished.

Grand Total: 218 creatures vanquished

Notes
Turn   | Place    | Note
-------+----------+-------------------------------------------
     0 | D:1      | rockygargoyle the Demonspawn Monk began the quest for the Orb.
     0 | D:1      | Reached XP level 1. HP: 18/18 MP: 1/1
    53 | D:1      | Upgraded the game from 0.22-a0-369-gc73351f to 0.22-a0-377-g846bec1
   140 | D:1      | Reached skill level 3 in Polearms
   323 | D:1      | Gained mutation: You are partially covered in sharp spines. [demonic ancestry]
   323 | D:1      | Reached XP level 2. HP: 24/24 MP: 2/2
   701 | D:2      | Reached XP level 3. HP: 17/29 MP: 3/3
   718 | D:2      | Noticed Terence
   969 | D:2      | Reached skill level 4 in Polearms
   975 | D:2      | Found a sacrificial altar of Ru.
  1406 | D:2      | Gained mutation: You have large cloven feet. [demonic ancestry]
  1406 | D:2      | Reached XP level 4. HP: 32/35 MP: 4/4
  2053 | D:2      | Killed Terence
  2053 | D:2      | Reached skill level 5 in Polearms
  2130 | D:3      | Reached XP level 5. HP: 25/41 MP: 5/5
  2150 | D:3      | HP: 10/41 [poisoned by an adder]
  2157 | D:3      | HP: 8/41 [poisoned by an adder]
  2164 | D:3      | HP: 7/41 [poisoned by an adder]
  2172 | D:3      | HP: 6/41 [poisoned by an adder]
  2838 | D:3      | Found a runed door.
  2945 | D:2      | Became a worshipper of Ru the Awakened
  2947 | D:2      | Gained mutation: You are hated by all. [Ru sacrifice]
  2947 | D:2      | Reached * piety under Ru
  3656 | D:4      | Reached skill level 6 in Polearms
  3656 | D:4      | Reached XP level 6. HP: 46/47 MP: 6/6
  3840 | D:4      | Noticed Robin
  3840 | D:4      | Reached skill level 4 in Fighting
  3847 | D:4      | Killed Robin
  4060 | D:5      | Entered Level 5 of the Dungeon
  4075 | D:5      | HP: 11/48 [centaur (8)]
  4076 | D:5      | Gained mutation: You are immune to rotting. [demonic ancestry]
  4076 | D:5      | Reached XP level 7. HP: 16/55 MP: 7/7
  4118 | D:5      | Noticed an angel
  4119 | D:5      | Found a glowing silver altar of Zin.
  4181 | D:5      | Reached skill level 5 in Fighting
  4181 | D:5      | Reached skill level 7 in Polearms
  4412 | D:6      | HP: 10/56 [sky beast (5)]
  4687 | D:6      | Found a white marble altar of Elyvilon.
  4687 | D:6      | Noticed Sigmund
  4727 | D:5      | Noticed Muffindrake's ghost (amateur DrCK)
  4746 | D:5      | Killed Muffindrake's ghost
  4746 | D:5      | Reached skill level 6 in Fighting
  4746 | D:5      | Gained mutation: You have hoof-like feet. [demonic ancestry]
  4746 | D:5      | Reached XP level 8. HP: 41/64 MP: 8/8
  4756 | D:5      | Noticed a two-headed ogre
  4800 | D:5      | Killed a two-headed ogre
  4800 | D:5      | Reached skill level 7 in Fighting
  4800 | D:5      | Reached skill level 8 in Polearms
  4891 | D:5      | Upgraded the game from 0.22-a0-377-g846bec1 to 0.22-a0-388-g09e6169
  5127 | D:5      | Found a sparkling altar of Nemelex Xobeh.
  5252 | D:6      | Noticed Menkaure
  5257 | D:6      | Killed Menkaure
  5257 | D:6      | Reached skill level 8 in Fighting
  5257 | D:6      | Reached skill level 9 in Polearms
  5257 | D:6      | Gained mutation: You are mostly covered in sharp spines. [demonic ancestry]
  5257 | D:6      | Reached XP level 9. HP: 72/74 MP: 9/9
  5477 | D:6      | Found a staircase to the Ecumenical Temple.
  5496 | Temple   | Entered the Ecumenical Temple
  5718 | D:6      | Found an iron altar of Okawaru.
  5725 | D:6      | Noticed Anachronus's ghost (novice MiHu)
  5765 | D:6      | HP: 27/111 [Anachronus's ghost (2)]
  5778 | D:6      | HP: 18/111 [Anachronus's ghost (5)]
  5784 | D:6      | HP: 27/111 [Anachronus's ghost (4)]
  5801 | D:6      | HP: 22/111 [Anachronus's ghost (7)]
  6159 | D:6      | Killed Sigmund
  6238 | D:6      | Found Weimoh's Jewellery Emporium.
  6246 | D:6      | Bought an uncursed amulet of guardian spirit for 330 gold pieces
  6497 | D:7      | Noticed Duvessa
  6497 | D:7      | Noticed Dowan
  6500 | D:7      | Reached skill level 1 in Armour
  6538 | D:8      | Noticed Psyche
  6660 | D:8      | Found a burning altar of Makhleb.
  6667 | D:8      | Killed Psyche
  6667 | D:8      | Reached skill level 2 in Armour
  6750 | D:8      | Reached skill level 10 in Polearms
  6750 | D:8      | Reached skill level 3 in Armour
  6800 | D:8      | Noticed Prince Ribbit
  6808 | D:8      | Killed Prince Ribbit
  6831 | D:8      | Reached skill level 4 in Armour
  6836 | D:8      | HP: 15/75 [hornet (10)]
  6841 | D:8      | Reached XP level 10. HP: 10/82 MP: 10/10
  7072 | D:8      | Found a staircase to the Lair.
  7072 | D:8      | Noticed Pikel
  7089 | D:8      | Killed Pikel
  7094 | D:8      | Reached skill level 5 in Armour
  7119 | D:8      | Gained mutation: You are slightly vulnerable to magic. (MR-) [Ru sacrifice]
  7119 | D:8      | Reached ** piety under Ru
  7119 | D:8      | Reached *** piety under Ru
  7882 | D:8      | Found a basalt altar of Yredelemnul.
  8127 | Lair:1   | Entered Level 1 of the Lair of Beasts
  8130 | Lair:1   | Noticed Grum
  8139 | D:8      | Reached skill level 11 in Polearms
  8373 | Lair:1   | Killed Grum
  8373 | Lair:1   | Reached skill level 6 in Armour
  8449 | Lair:1   | Noticed a spiny frog
  8453 | Lair:1   | Killed a spiny frog
  8507 | Lair:1   | Noticed an elephant
  8507 | Lair:1   | Noticed an elephant
  8508 | Lair:1   | Noticed an elephant
  8509 | Lair:1   | Noticed an elephant
  8520 | Lair:1   | Noticed an elephant
  8805 | Lair:1   | Noticed an elephant
  8834 | Lair:1   | Killed an elephant
  8853 | Lair:2   | Noticed an eight-headed hydra
  9074 | Lair:2   | Reached skill level 7 in Armour
  9288 | Lair:2   | HP: 1/82 [komodo dragon (21)]
  9326 | Lair:2   | HP: 4/82 [komodo dragon (6)]
  9328 | Lair:2   | Noticed a spiny frog
  9338 | Lair:2   | Demolished by a komodo dragon

Vault maps used:
D:1:      doesnt_arrival_eight_statues
D:2:      nicolae_overflow_hidden_temple, uniq_terence
D:3:      first_ration, uniq_crazy_yiuf_cottage
D:4:      hangedman_abyss_or_decor_jellyfish_corner, uniq_robin
D:5:      nemelex_altar_shiori, zin_angel, grunt_ministairs_1, zaba_anthole
D:6:      kennysheep_mini_moat, old_standard_altar, temple_fountains,
          serial_shops, nicolae_shop_crystal, uniq_sigmund, uniq_menkaure
D:7:      uniq_duvessa
D:8:      lemuel_zombie_altar_yredelemnul, overflow_temple_1_default,
          lair_entry_dummy, hangedman_pestilent_swarm, uniq_prince_ribbit1,
          uniq_pikel, uniq_psyche
Temple:   regret_index_temple_generic_petals
Lair:1:   beast_lair_carwin_8, grunt_megastairs_5, uniq_nergalle, uniq_grum

Skill      XL: |  1  2  3  4  5  6  7  8  9 10 |
---------------+-------------------------------+-----
Polearms       | 3 4 5 6 7 9 10 11 | 11.7
Fighting       | 4 6 8 |  8.8
Armour         | 4 7 |  7.0
Dodging        | |  2.7
Stealth        | |  1.8

Action                   |  1- 3 |  4- 6 |  7- 9 | 10-12 || total
-------------------------+-------+-------+-------+-------++-------
Melee: Spear             |    99 |   223 |   273 |    86 ||   681
       Kick              |       |    60 |    78 |    61 ||   199
       Scythe            |       |       |    50 |   107 ||   157
Invok: Sacrifice Love    |       |     1 |       |       ||     1
       Sacrifice Essence |       |       |       |     1 ||     1
Evoke: Wand              |       |       |       |     1 ||     1
  Use: Potion            |     1 |     5 |     7 |     1 ||    14
       Scroll            |       |       |     6 |     3 ||     9
 Stab: Sleeping          |     1 |       |     1 |     4 ||     6
       Distracted        |       |       |       |     2 ||     2
  Eat: Chunk             |     2 |     8 |     6 |       ||    16
       Ration            |       |       |     1 |     3 ||     4
Armor: Robe              |     9 |       |       |       ||     9
       Ring mail         |     4 |    32 |    72 |       ||   108
       Skin              |       |       |    17 |       ||    17
       Leather armour    |       |       |    16 |    49 ||    65
Dodge: Dodged            |    41 |    86 |   124 |    99 ||   350

Table legend:
 A = Spawn XP
 B = Non-spawn XP
 C = Spawn XP percentage of total XP
 D = Spawn monster count
 E = Non-spawn monster count
 F = Spawn count percentage of total count
 G = Total turns spent on level
                    A         B        C        D         E        F      G
               +---------+---------+-------+---------+---------+-------+---------
         Total |       0 |   10791 |   0.0 |       0 |     197 |   0.0 |  9338
               +---------+---------+-------+---------+---------+-------+---------
           D:1 |       0 |      34 |   0.0 |       0 |      14 |   0.0 |   692
           D:2 |       0 |     149 |   0.0 |       0 |      27 |   0.0 |  1413
           D:3 |       0 |      92 |   0.0 |       0 |      24 |   0.0 |  1038
           D:4 |       0 |     385 |   0.0 |       0 |      31 |   0.0 |   917
           D:5 |       0 |    1983 |   0.0 |       0 |      24 |   0.0 |  1186
           D:6 |       0 |     970 |   0.0 |       0 |      14 |   0.0 |  1002
           D:7 |       0 |     173 |   0.0 |       0 |       6 |   0.0 |    52
           D:8 |       0 |    4191 |   0.0 |       0 |      44 |   0.0 |  1847
        Lair:1 |       0 |    1812 |   0.0 |       0 |       8 |   0.0 |   504
        Lair:2 |       0 |    1002 |   0.0 |       0 |       5 |   0.0 |   473
               +---------+---------+-------+---------+---------+-------+---------

Vault maps used:
D:1:      doesnt_arrival_eight_statues
D:2:      nicolae_overflow_hidden_temple, uniq_terence
D:3:      first_ration, uniq_crazy_yiuf_cottage
D:4:      hangedman_abyss_or_decor_jellyfish_corner, uniq_robin
D:5:      nemelex_altar_shiori, zin_angel, grunt_ministairs_1, zaba_anthole
D:6:      kennysheep_mini_moat, old_standard_altar, temple_fountains,
          serial_shops, nicolae_shop_crystal, uniq_sigmund, uniq_menkaure
D:7:      uniq_duvessa
D:8:      lemuel_zombie_altar_yredelemnul, overflow_temple_1_default,
          lair_entry_dummy, hangedman_pestilent_swarm, uniq_prince_ribbit1,
          uniq_pikel, uniq_psyche
Temple:   regret_index_temple_generic_petals
Lair:1:   beast_lair_carwin_8, grunt_megastairs_5, uniq_nergalle, uniq_grum

Table legend:
 A = Turns spent in this place as a percentage of turns spent in the entire game.
 B = Non-inter-level travel turns spent in this place as a percentage of non-inter-level travel turns spent in the entire game.
 C = Inter-level travel turns spent in this place as a percentage of turns spent in this place.
 D = Turns resting spent in this place as a percentage of non-inter-level travel turns spent in this place.
 E = Turns spent auto-exploring this place as a percentage of non-inter-level travel turns spent in this place.
 F = Non-inter-level travel turns spent in this place divided by the number of levels of this place that you've seen.
                   A       B       C       D       E      F
               +-------+-------+-------+-------+-------+----------------------
         Total | 100.0 | 100.0 |   3.0 |  30.7 |  47.9 | 823.1
       Dungeon |  87.2 |  87.1 |   3.2 |  29.7 |  49.6 | 985.6
        Temple |   2.3 |   2.1 |  10.3 |   0.0 |  99.0 | 192.0
          Lair |  10.5 |  10.8 |   0.0 |  45.0 |  24.3 | 488.5
               +-------+-------+-------+-------+-------+----------------------

Table legend:
 A = Kills in this place as a percentage of kills in entire the game.
 B = Kills by you in this place as a percentage of kills by you in the entire game.
 C = Kills by friends in this place as a percentage of kills by friends in the entire game.
 D = Other kills in this place as a percentage of other kills in the entire game.
 E = Experience gained in this place as a percentage of experience gained in the entire game.
 F = Experience gained in this place divided by the number of levels of this place that you have seen.
                   A       B       C       D       E      F
               +-------+-------+-------+-------+-------+----------------------
         Total | 100.0 | 100.0 |   N/A | 100.0 | 100.0 | 981.0
       Dungeon |  93.4 |  93.4 |   N/A | 100.0 |  73.9 | 997.1
          Lair |   6.6 |   6.6 |   N/A |   0.0 |  26.1 | 1407.0
               +-------+-------+-------+-------+-------+----------------------
